 Dungeon Crawl Stone Soup version 0.27-a0-1431-gcffa5a9b16 (webtiles) character file.

Game seed: 14633616564504136505

15991 pyrow613 the Destroyer (level 11, -4/94 HPs)
             Began as a Demigod Conjurer on July 2, 2021.
             Killed from afar by an ice statue (22 damage)
             ... with a bolt of cold
             ... in an ice cave.
             The game lasted 00:59:03 (13804 turns).

pyrow613 the Destroyer (Demigod Conjurer)          Turns: 13804, Time: 00:59:03

Health: -4/94      AC:  8    Str: 12    XL:     11   Next: 75%
Magic:  19/26      EV: 12    Int: 34    God:
Gold:   1028       SH:  0    Dex: 12    Spells: 9/24 levels left

rFire    . . .     SeeInvis .   a - +2 scimitar (flame)
rCold    . . .     Faith    .   (no shield)
rNeg     . . .     Spirit   .   O - +0 troll leather armour
rPois    .         Reflect  .   p - +0 helmet
rElec    .         Harm     .   K - +0 cloak
rCorr    .         Rampage  .   f - +1 pair of gloves
Will     ++...                  (no boots)
Stlth    ++........             h - amulet of magic regeneration
HPRegen  1.25/turn              i - +6 ring of intelligence
MPRegen  0.45/turn              g - ring of willpower

@: no status effects
A: high mp 1, forlorn
a: no special abilities


You were in an ice cave.
You visited 1 branch of the dungeon, and saw 11 of its levels.
You also visited: Ice Cave.

You collected 1878 gold pieces.
You spent 850 gold pieces at shops.

Inventory:

Hand Weapons
 a - a +2 scimitar of flaming (weapon)
 H - a +2 hand axe of venom
Missiles
 C - 100 stones
 G - 30 poisoned darts
 M - 3 throwing nets
Armour
 f - a +1 pair of gloves (worn)
 p - a +0 helmet (worn)
 v - a +2 scale mail of poison resistance
 J - a +0 buckler
 K - a +0 cloak (worn)
 O - a +0 troll leather armour (worn)
Magical Staves
 b - a staff of conjuration
 r - a staff of cold
Jewellery
 g - a ring of willpower (right hand)
 h - an amulet of magic regeneration (around neck)
 i - a +6 ring of intelligence (left hand)
Wands
 n - a wand of acid (7)
 s - a wand of polymorph (4)
 u - a wand of iceblast (13)
 F - a wand of mindburst (8)
 L - a wand of flame (22)
Scrolls
 d - 9 scrolls of teleportation
 j - a scroll of magic mapping
 l - a scroll of fog
 m - 3 scrolls of amnesia
 y - a scroll of silence
 A - a scroll of summoning
 I - a scroll of fear {unknown}
Potions
 c - 3 potions of curing
 e - 2 potions of mutation
 o - 5 potions of attraction
 x - a potion of flight
 z - 2 potions of degeneration
 B - a potion of magic {unknown}
 D - 2 potions of heal wounds
 E - 3 potions of haste
 N - a potion of brilliance {unknown}
 P - 2 potions of berserk rage
 Q - a potion of resistance


   Skills:
 + Level 7.8 Fighting
 + Level 2.8 Dodging
 - Level 1.7 Stealth
 + Level 7.4 Spellcasting
 - Level 8.9 Conjurations
 - Level 6.6 Hexes
 - Level 6.5 Translocations
 * Level 3.7 Transmutations
 * Level 2.6 Fire Magic
 * Level 2.6 Air Magic
 * Level 3.8 Earth Magic


You had 9 spell levels left.
You knew the following spells:

 Your Spells              Type           Power      Damage    Failure   Level
b - Searing Ray           Conj           100%       3d7       1%          2
c - Corona                Hex            61%        N/A       1%          1
d - Apportation           Tloc           100%       N/A       1%          1
e - Passwall              Tmut/Erth      31%        N/A       1%          2
f - Stone Arrow           Conj/Erth      100%       3d13      1%          3
g - Conjure Flame         Conj/Fire      51%        6-21      1%          3
h - Mephitic Cloud        Conj/Pois/Air  39%        N/A       2%          3

Your spell library contained the following spells:

 Spells                   Type           Power      Damage    Failure   Level
 Magic Dart               Conj           100%       1d8       1%          1
 Wereblood                Tmut           38%        N/A       1%          2
 Dazzling Flash           Conj/Hex       100%       N/A       1%          3
 Lesser Beckoning         Tloc           27%        N/A       1%          3
 Portal Projectile        Hex/Tloc       100%       N/A       1%          3
 Fulminant Prism          Conj/Hex       30%        3d16      1%          4
 Iskenderun's Mystic Bla  Conj/Tloc      60%        2d13      1%          4
 Animate Skeleton         Necr           24%        N/A       4%          1
 Summon Small Mammal      Summ           48%        N/A       4%          1
 Swiftness                Air            31%        N/A       4%          3
 Sticky Flame             Conj/Fire      51%        2d7       4%          4
 Ignite Poison            Fire/Tmut/Pois 27%        N/A       5%          3
 Sublimation of Blood     Necr           6%         N/A       7%          2
 Petrify                  Tmut/Erth      38%        N/A       10%         4
 Animate Armour           Summ/Erth      50%        N/A       21%         4
 Blade Hands              Tmut           19%        N/A       26%         5
 Metabolic Englaciation   Hex/Ice        17%        N/A       30%         5
 Invisibility             Hex            27%        N/A       41%         6
 Excruciating Wounds      Necr           6%         N/A       77%         5
 Statue Form              Tmut/Erth      25%        N/A       82%         6
 Summon Hydra             Summ           6%         N/A       100%        7
 Lehudib's Crystal Spear  Conj/Erth      27%        10d7      100%        8


Dungeon Overview and Level Annotations

Branches:
Dungeon (11/15)            Temple (0/1) D:5            Lair (0/6) D:11
    Orc (0/2) D:9           IceCv (1/1)

Shops:
D:2 *=(   D:5 (

Annotations:
D:7 1 runed translucent door IceCv exclusion: ice statue


Innate Abilities, Weirdness & Mutations

Your attributes grow dramatically as you level up.
You have an increased reservoir of magic. (+10% MP)
You shall have no god before yourself.


Message History

The searing ray hits the ice beast!
The ice beast is heavily wounded.
The searing ray hits the ice statue but does no damage.
The ice statue is heavily damaged.
The ice statue glitters chillingly in the dim dungeon light.
The searing ray hits the ice beast!
The ice beast is almost dead.
The searing ray hits the ice statue.
The ice statue is heavily damaged.
You finish channeling your searing ray.
The ice statue gestures at you.
The bolt of cold hits the ice beast.
The ice beast completely resists.
The bolt of cold hits you!!
Unknown command.
Casting: Searing Ray (safe; 1% risk of failure)
Confirm with . or Enter, or press ? or * to list all spells.
Aiming: Searing Ray (safe; 1% risk of failure)
Press: ? - help, Shift-Dir - straight line, f/p - ice statue
Aim: an ice statue (heavily damaged, 100% to hit)
The searing ray misses the ice beast.
The searing ray hits the ice statue.
The ice statue is heavily damaged. (Press . to maintain the ray.)
The ice statue gestures.
The searing ray hits the ice beast!
You kill the ice beast!
The searing ray hits the ice statue.
The ice statue is severely damaged.
The ice statue gestures at you. The bolt of cold hits you!!
The searing ray hits the ice statue.
The ice statue is severely damaged.
The ice statue gestures at you. The shard of ice hits you!!
* * * LOW HITPOINT WARNING * * *
The searing ray hits the ice statue.
The ice statue is severely damaged.
You finish channeling your searing ray.
The ice statue gestures at you. The bolt of cold hits you!!
You die...

##..###...##
#...###.###
##..#####.##
##..###...#
##......##
#....#..#
##.###..#
### ##.#
#@.#
#.Y...##
#..8...##
.#..### #. #


You could see an ice statue and an ice beast (summoned).

Vanquished Creatures
  Harold (D:8)
  2 two-headed ogres
  A deep elf pyromancer (D:6)
  Maurice (D:11)
  Maggie (D:7)
  An unseen horror (D:11)
  2 rime drakes (D:11)
  2 komodo dragons
  Psyche (D:10)
  An efreet (D:8)
  A hornet (D:7)
  2 trolls
  3 polar bears (IceCv)
  A meliai zombie (D:10)
  2 shadows
  Eustachio (D:6)
  15 yaks
  2 wraiths
  A steam dragon (D:8)
  Edmund (D:4)
  An acid dragon (D:9)
  2 water moccasins
  5 black bears
  5 sky beasts
  2 ice beasts (D:6)
  4 orc warriors
  2 hornet zombies
  4 necrophages
  3 wolves (IceCv)
  2 ogres (D:5)
  9 centaurs
  A kobold brigand (D:8)
  Blork the orc (D:4)
  8 bullfrogs
  4 scorpions
  A water moccasin zombie (D:5)
  3 killer bees (D:7)
  A jelly (D:5)
  7 wights
  2 howler monkeys
  3 electric eels (D:8)
  A bullfrog zombie (D:5)
  5 centaur zombies
  7 orc priests
  A bullfrog skeleton (D:6)
  A centaur skeleton (D:7)
  A human zombie (D:7)
  A gnoll shaman (D:6)
  5 hounds
  Ijyb (D:4)
  9 orc wizards
  4 iguanas
  A killer bee zombie (D:7)
  A hound skeleton (D:4)
  5 mummies (D:7)
  2 howler monkey zombies
  6 adders
  9 gnolls
  2 howler monkey skeletons (D:5)
  3 worms
  29 orcs
  8 ball pythons
  5 endoplasms
  2 giant cockroaches
  6 goblins
  5 hobgoblins
  8 jackals
  13 kobolds
  6 quokkas
  8 bats
  5 frilled lizards
  3 rats
275 creatures vanquished.

Vanquished Creatures (others)
  A yak (IceCv)
  An orc (D:10)
  32 fungi (D:11)
  31 plants
65 creatures vanquished.

Grand Total: 340 creatures vanquished

Notes
Turn   | Place    | Note
-------+----------+-------------------------------------------
     0 | D:1      | pyrow613 the Demigod Conjurer began the quest for the Orb.
     0 | D:1      | Reached XP level 1. HP: 14/14 MP: 5/5
   282 | D:1      | Reached XP level 2. HP: 20/20 MP: 7/7
   311 | D:1      | Learned a level 2 spell: Searing Ray
   328 | D:1      | Reached skill level 4 in Conjurations
   926 | D:2      | Reached XP level 3. HP: 23/27 MP: 8/8
  1058 | D:2      | Reached skill level 1 in Fighting
  1084 | D:2      | Found Moaliru's Antique Weapon Shoppe.
  1146 | D:2      | Found Qaavaare's Jewellery Boutique.
  1260 | D:2      | Found Sacizeg's Assorted Antiques.
  1280 | D:2      | Bought a scroll labelled BAFUCH LICEAN for 33 gold pieces
  1379 | D:2      | Acquired 1080 gold pieces
  1767 | D:2      | Bought a scroll labelled RIGUODE ZYEK for 33 gold pieces
  1767 | D:2      | Bought a scroll labelled RIGUODE ZYEK for 33 gold pieces
  1767 | D:2      | Bought a scroll labelled NEMYTHR GIUCWAN for 33 gold pieces
  1767 | D:2      | Bought a scroll labelled NEMYTHR GIUCWAN for 33 gold pieces
  1767 | D:2      | Bought a scroll labelled KAXZAD HUIMP for 33 gold pieces
  1815 | D:2      | Bought a crystal long sword for 127 gold pieces
  1815 | D:2      | Identified the +1 long sword of Invincibility {freeze, rF-
                  | rN+ Int+2} (You bought it in a shop on level 2 of the
                  | Dungeon)
  1843 | D:2      | Bought a blackened agate ring for 165 gold pieces
  1881 | D:2      | Bought an amulet of magic regeneration for 360 gold pieces
  2250 | D:3      | Reached XP level 4. HP: 35/35 MP: 7/10
  2849 | D:4      | Reached skill level 5 in Conjurations
  2849 | D:4      | Reached XP level 5. HP: 37/41 MP: 12/12
  2896 | D:4      | Learned a level 1 spell: Corona
  2898 | D:4      | Learned a level 1 spell: Apportation
  3011 | D:4      | Noticed Edmund
  3019 | D:4      | Killed Edmund
  3020 | D:4      | Reached skill level 1 in Hexes
  3020 | D:4      | Reached skill level 1 in Translocations
  3132 | D:4      | Reached XP level 6. HP: 49/49 MP: 11/13
  3140 | D:4      | Noticed a water moccasin
  3142 | D:4      | Killed a water moccasin
  3152 | D:4      | Noticed Ijyb
  3172 | D:4      | Killed Ijyb
  3476 | D:4      | Noticed Blork the orc
  3489 | D:4      | Killed Blork the orc
  3564 | D:5      | Entered Level 5 of the Dungeon
  3938 | D:5      | Reached XP level 7. HP: 50/57 MP: 11/15
  4294 | D:5      | Found a staircase to the Ecumenical Temple.
  4432 | D:5      | Found Hynong's Weapon Shoppe.
  4472 | D:5      | Reached skill level 6 in Conjurations
  4776 | D:6      | Reached XP level 8. HP: 66/66 MP: 17/17
  4778 | D:6      | Noticed Eustachio
  4785 | D:6      | Killed Eustachio
  5261 | D:6      | Reached skill level 5 in Spellcasting
  5261 | D:6      | Reached XP level 9. HP: 56/73 MP: 16/20
  5509 | D:6      | Reached skill level 5 in Fighting
  5602 | D:6      | Reached skill level 7 in Conjurations
  5678 | D:6      | Noticed a deep elf pyromancer
  5683 | D:6      | Killed a deep elf pyromancer
  5756 | D:6      | Reached skill level 5 in Hexes
  5879 | D:6      | Reached skill level 5 in Translocations
  7433 | D:7      | Reached XP level 10. HP: 76/79 MP: 18/22
  7858 | D:7      | Noticed Maggie
  7864 | D:7      | Killed Maggie
  7999 | D:7      | HP: 3/83 [hornet (13)]
  8947 | D:7      | Found a runed translucent door.
  8953 | D:7      | Noticed a sixfirhy
  9043 | D:7      | Reached skill level 8 in Conjurations
 10039 | D:8      | Found a transporter.
 10080 | D:8      | Found a transporter.
 10310 | D:8      | Noticed Harold
 10351 | D:8      | Killed Harold
 10603 | D:8      | Learned a level 2 spell: Passwall
 11750 | D:9      | Reached skill level 1 in Transmutations
 11750 | D:9      | Reached skill level 1 in Earth Magic
 11750 | D:9      | Found a staircase to the Orcish Mines.
 11952 | D:9      | Reached XP level 11. HP: 92/92 MP: 21/25
 12315 | D:9      | Noticed a two-headed ogre
 12325 | D:9      | Learned a level 3 spell: Stone Arrow
 12402 | D:9      | Killed a two-headed ogre
 12615 | D:10     | Entered Level 10 of the Dungeon
 12617 | D:10     | Noticed Psyche
 12747 | D:10     | Got the Grimoire of Success
 12816 | D:10     | Learned a level 3 spell: Conjure Flame
 12820 | D:10     | Learned a level 3 spell: Mephitic Cloud
 12845 | D:10     | Noticed a two-headed ogre
 12848 | D:10     | Killed Psyche
 12869 | D:10     | Killed a two-headed ogre
 12918 | D:10     | Reached skill level 1 in Fire Magic
 12918 | D:10     | Reached skill level 1 in Air Magic
 13337 | D:11     | Noticed Maurice
 13350 | D:11     | Killed Maurice
 13569 | D:11     | Found a frozen archway.
 13594 | IceCv    | Entered an ice cave
 13804 | IceCv    | Killed from afar by an ice statue

Illustrated notes

Levels and vault maps discovered:
D:1:      dpeg_arrival_tiny_d, layout_basic, hellmonk_ecumenical_altar_run_dry
D:2:      layout_loops_ring, serial_shops, nicolae_shop_statue_plus, shop,
          nicolae_shop_overgrown_old_shop, serial_bayou_crossing
D:3:      layout_loops_ring, minmay_fractal_squares_gapless_5
D:4:      cheibrodos_quashed, layout_cave_pools, tgw_sif, kennysheep_mini,
          nrook_mini_vaults, uniq_ijyb, uniq_edmund
D:5:      layout_basic, grunt_dithmenos_smoke_and_mirrors,
          minmay_temple_entry_statues_pillars, serial_shops, shop_statue,
          corexii_checkpoint_b, grunt_ministairs_13, minmay_misc_feat_ornament,
          minmay_misc_feat_plants, uniq_crazy_yiuf_cottage
D:6:      minmay_chambers_of_threes, layout_cave_pools,
          guppyfry_early_elven_hall, uniq_eustachio
D:7:      cheibrodos_shockbox, layout_loops_cross, general_overflow_altar,
          lemuel_doored_altar, lemuel_mausoleum_altar_yredelemnul,
          grunt_temple_overflow_diamond, minmay_liquid_box,
          kennysheep_generic_room_6, uniq_maggie
D:8:      gammafunk_steamed_eel, layout_rooms, kennysheep_small_spiral,
          grunt_ministairs_1, uniq_harold
D:9:      layout_irregular_city, amcnicky_altar_gilded, erik_orc_4,
          hangedman_decor_points
D:10:     layout_cave_pools, overflow_temple_1_default, marbit_many_paths,
          uniq_psyche
D:11:     layout_rooms, due_lair_maze_entry_diamond, portal_ice_cave_rime,
          minmay_misc_feat_encased, uniq_maurice
IceCv:    ice_cave_caverns_02

Skill      XL: |  1  2  3  4  5  6  7  8  9 10 11 |
---------------+----------------------------------+-----
Spellcasting   | 2 3 4 5 6 7 |  7.4
Conjurations   | 4 5 6 7 8 |  8.9
Fighting       | 1 2 3 4 6 7 |  7.8
Hexes          | 1 2 3 4 5 6 |  6.6
Translocations | 1 2 3 4 5 6 |  6.5
Transmutations | 1 3 |  3.7
Earth Magic    | 1 3 |  3.8
Dodging        | 2 |  2.8
Fire Magic     | 2 |  2.6
Air Magic      | 2 |  2.6
Stealth        | |  1.7

Action                   |  1- 3 |  4- 6 |  7- 9 | 10-12 || total
-------------------------+-------+-------+-------+-------++-------
Melee: Hand axe          |   132 |    49 |   231 |    70 ||   482
       Staff             |       |       |       |    32 ||    32
       Scimitar          |       |       |       |    83 ||    83
       Falchion          |       |       |       |     3 ||     3
 Fire: Hunting sling     |       |    27 |     2 |    17 ||    46
 Cast: Magic Dart        |     6 |     3 |     2 |     6 ||    17
       Searing Ray       |       |     5 |    30 |    69 ||   104
       Corona            |       |       |     1 |     2 ||     3
       Stone Arrow       |       |       |       |    13 ||    13
       Mephitic Cloud    |       |       |       |     5 ||     5
Evoke: Wand              |       |    16 |    14 |     7 ||    37
  Use: Scroll            |     9 |       |       |    13 ||    22
       Potion            |       |       |       |     2 ||     2
 Stab: Sleeping          |     1 |       |       |       ||     1
       Confused          |       |       |       |     2 ||     2
Armor: Robe              |     2 |       |       |       ||     2
       Ring mail         |    55 |    13 |       |       ||    68
       Scale mail        |       |     9 |   200 |   157 ||   366
       Troll leather arm |       |       |       |    74 ||    74
Dodge: Dodged            |   104 |    27 |   155 |   203 ||   489
       Rpst.: Scimitar   |       |       |       |    15 ||    15
       Falchion          |       |       |       |     1 ||     1

Table legend: (Time is in decaauts)
 A = Elapsed time spent in this place.
 B = Non-inter-level travel time spent in this place.
 C = Inter-level travel time spent in this place.
 D = Time resting spent in this place.
 E = Time spent auto-exploring this place.
 F = Levels seen in this place.
 G = Mean time per level.
                   A        B        C        D        E       F      G
               +--------+--------+--------+--------+--------+-----+--------+
         Total |  14008 |  13523 |    485 |   3377 |   7078 |  12 | 1167.3 |
       Dungeon |  13794 |  13309 |    485 |   3291 |   7078 |  11 | 1254.0 |
      Ice Cave |    213 |    213 |      0 |     86 |      0 |   1 |  213.0 |
               +--------+--------+--------+--------+--------+-----+--------+

Top non-repeatable levels by time:
     D:7: 3062 daAuts
     D:8: 2039 daAuts
     D:9: 1521 daAuts
     D:6: 1303 daAuts
     D:3: 1124 daAuts
     D:2: 1051 daAuts
     D:5: 1023 daAuts
     D:1: 901 daAuts
     D:4: 862 daAuts
    D:10: 639 daAuts
    D:11: 262 daAuts
   IceCv: 213 daAuts
